 Dungeon Crawl Stone Soup version 0.22.1-1-ga44c0e5 (webtiles) character file.

624 Fang the Chopper (level 7, -13/44 HPs)
             Began as a Gargoyle Berserker on Oct 23, 2018.
             Was a Priest of Trog.
             Mangled by an ogre
             ... wielding a +0 giant club
              (17 damage)
             ... on level 5 of the Dungeon.
             The game lasted 00:07:58 (3341 turns).

Fang the Chopper (Gargoyle Berserker)               Turns: 3341, Time: 00:07:59

Health: -13/44     AC: 16    Str: 23    XL:     7   Next: 47%
Magic:  7/7        EV:  7    Int:  9    God:    Trog [***...]
Gold:   78         SH:  0    Dex:  9    Spells: 6/6 levels left

rFire    . . .     SeeInvis .   a - +0 hand axe
rCold    . . .     Gourm    .   (no shield)
rNeg     + . .     Faith    .   k - +0 plate armour (curse)
rPois    ∞         Spirit   .   (no helmet)
rElec    +         Reflect  .   (no cloak)
rCorr    .         Harm     .   (no gloves)
MR       .....                  (no boots)
Stlth    ..........             (no amulet)
HPRegen  0.14/turn              n - +2 ring of intelligence
MPRegen  0.10/turn              m - +4 ring of slaying

@: berserk cooldown, starving, slowed, very slow
A: negative energy resistance 1, electricity resistance, unbreathing,
petrification resistance, rot immunity, AC +4
a: Berserk, Trog's Hand, Renounce Religion


You were on level 5 of the Dungeon.
You worshipped Trog.
Trog was most pleased with you.
You were starving.

You visited 1 branch of the dungeon, and saw 5 of its levels.

You collected 78 gold pieces.

Inventory:

Hand Weapons
 a - a +0 hand axe (weapon)
Armour
 k - a cursed +0 plate armour (worn)
Jewellery
 j - an uncursed ring of ice
 m - a +4 ring of slaying (right hand)
 n - a +2 ring of intelligence (left hand)
 q - an uncursed ring of magical power
 s - an uncursed ring of fire
Scrolls
 b - 4 scrolls of fog {unknown}
 d - a scroll of blinking {unknown}
 e - a scroll of fear {unknown}
 f - 3 scrolls of enchant weapon {unknown}
 h - 5 scrolls of identify {unknown}
 i - a scroll of immolation {unknown}
 r - a scroll of amnesia {unknown}
 u - a scroll of teleportation {unknown}
 v - a scroll of noise {unknown}
Potions
 g - a potion of agility {unknown}
 l - 3 potions of curing {unknown}
 o - a potion of heal wounds {unknown}
 p - a potion of berserk rage {unknown}
 t - a potion of resistance {unknown}
Comestibles
 c - 9 rations


   Skills:
 + Level 4.8 Fighting
 + Level 5.8 Axes
 + Level 4.1 Armour
 + Level 2.5 Dodging
 + Level 1.4 Stealth


You had 6 spell levels left.
You didn't know any spells.
Your spell library was empty.

Dungeon Overview and Level Annotations

Branches:
Dungeon (5/15)
 Temple: D:4-7

Altars:
Fedhas
Qazlal

Annotations:
D:5 Sigmund


Innate Abilities, Weirdness & Mutations

You are resistant to torment.
Your stone body is resilient. (AC +4)
You are immune to poison.
You resist negative energy. (rN+)
You are resistant to electric shocks. (rElec)
You can survive without breathing.
You are immune to petrification.
You are immune to rotting.


Message History

Unknown command.
You feel your anger nearly subside.
You are no longer berserk.
You are exhausted.
You feel yourself slow down.
Unknown command.
The ogre hits you with a giant club! Sigmund casts a spell at you.
The magic dart hits you! The ogre hits you but does no damage.
Sigmund hits you but does no damage. The shadow imp closely misses you.
Unknown command.
The shadow imp hits you but does no damage.
The ogre hits you with a giant club!
* * * LOW HITPOINT WARNING * * *
Unknown command.
You bump into the rock wall.
You feel less confused.
The shadow imp hits you but does no damage.
Sigmund barely misses you. The ogre hits you with a giant club!
You die...

#####.#####...
###....%........
.............#
#....).....#
..###..........#
...............#
#....@.....#
#....5O....# ...
#####@###### ...
#..# ....###
#.## ....... #.#
#..>.#.##.#
#........# #.
####.....#####
#.. ###.........
.... ##.........


You could see Sigmund, an ogre and a shadow imp.

Vanquished Creatures
  An ogre (D:2)
  2 centaur skeletons
  2 orc priests
  Crazy Yiuf (D:2)
  3 orc wizards
  3 iguanas (D:4)
  A worker ant (D:4)
  Robin (D:4)
  8 adders
  2 oozes (D:2)
  2 worms (D:2)
  11 dart slugs
  A leopard gecko (D:2)
  5 orcs
  2 ball pythons
  6 bats
  3 giant cockroaches (D:2)
  8 goblins
  9 hobgoblins
  16 jackals
  6 kobolds
  A quokka (D:2)
  4 frilled lizards
  A leopard gecko skeleton (D:4)
  A quokka skeleton (D:4)
  9 rats
109 creatures vanquished.

Vanquished Creatures (others)
  An orc wizard (D:3)
1 creature vanquished.

Grand Total: 110 creatures vanquished

Notes
Turn   | Place    | Note
-------+----------+-------------------------------------------
     0 | D:1      | Fang the Gargoyle Berserker began the quest for the Orb.
     0 | D:1      | Reached XP level 1. HP: 14/14 MP: 1/1
    70 | D:1      | Reached XP level 2. HP: 10/19 MP: 2/2
    71 | D:1      | Reached skill level 3 in Axes
   382 | D:1      | Reached XP level 3. HP: 18/24 MP: 3/3
   443 | D:1      | Reached ** piety under Trog
   786 | D:2      | Noticed an ogre
   797 | D:2      | Killed an ogre
   797 | D:2      | Reached skill level 4 in Axes
   797 | D:2      | Reached XP level 4. HP: 19/29 MP: 4/4
   797 | D:2      | Reached XP level 5. HP: 22/33 MP: 5/5
  1564 | D:2      | Found a runed door.
  1663 | D:2      | Noticed Crazy Yiuf
  1668 | D:2      | Killed Crazy Yiuf
  1790 | D:3      | Reached skill level 1 in Stealth
  1806 | D:3      | Reached XP level 6. HP: 38/39 MP: 6/6
  2063 | D:3      | Reached *** piety under Trog
  2350 | D:4      | Reached skill level 5 in Axes
  2363 | D:4      | Reached XP level 7. HP: 39/44 MP: 7/7
  2592 | D:4      | Noticed Robin
  2605 | D:4      | Killed Robin
  2661 | D:4      | Found a stormy altar of Qazlal.
  2877 | D:4      | Found a blossoming altar of Fedhas.
  3313 | D:5      | Entered Level 5 of the Dungeon
  3331 | D:5      | Noticed Sigmund
  3341 | D:5      | Mangled by an ogre

Skill      XL: |  1  2  3  4  5  6  7 |
---------------+----------------------+-----
Axes           | 3 4 5 |  5.8
Dodging        | 2 |  2.5
Fighting       | 4 |  4.8
Stealth        | 1 |  1.4
Armour         | 3 4 |  4.1

Action                   |  1- 3 |  4- 6 |  7- 9 || total
-------------------------+-------+-------+-------++-------
Melee: Hand axe          |   113 |   149 |    73 ||   335
Invok: Berserk           |     2 |     2 |     2 ||     6
 Stab: Sleeping          |     1 |       |       ||     1
  Eat: Chunk             |       |     8 |     3 ||    11
Armor: Animal skin       |    35 |    10 |       ||    45
       Plate armour      |       |    90 |    48 ||   138
Dodge: Dodged            |   111 |    79 |    19 ||   209
